[Event "Late-Titled-Tuesday-Blitz-October-24-2023"]
[Site "Chess.com"]
[Date "2023.10.24"]
[Round "7"]
[White "C_K_G"]
[Black "NowInChess"]
[Result "1-0"]
[WhiteElo "1933"]
[BlackElo "2169"]
[TimeControl "180+1"]
[EndTime "15:15:22 PDT"]
[Termination "C_K_G won by checkmate"]

1. e4 e6 2. Nf3 d5 3. Nc3 Nf6 4. e5 Nfd7 5. d4 c5 6. Bg5 Qb6 7. dxc5 Bxc5 8. Qd2 Nc6 9. Bb5 a6 10. Bxc6 Qxc6 11. O-O b5 12. a3 Bb7 13. Rfe1 Nb6 14. Nd4 Qd7 15. b3 Rc8 16. Re3 Qc7 17. Nce2 Nd7 18. Bf4 a5 19. Bg3 Qb6 20. c3 Be7 21. Rf3 Nc5 22. Qf4 O-O 23. Qg4 Ne4 24. Bf4 Qd8 25. Bh6 g6 26. Nf4 Re8 27. Nfxe6 fxe6 28.
Qxe6+ Kh8 29. Qf7 Rg8 30. Ne6 Qe8 31. Bg7+ Rxg7 32. Qxg7# 1-0

[Event "Late-Titled-Tuesday-Blitz-October-24-2023"]
[Site "Chess.com"]
[Date "2023.10.24"]
[Round "7"]
[White "Chessdreamer2020"]
[Black "GoltsevDmitry2000"]
[Result "0-1"]
[WhiteElo "2484"]
[BlackElo "2638"]
[TimeControl "180+1"]
[EndTime "15:15:24 PDT"]
[Termination "GoltsevDmitry2000 won on time"]

1. e4 e6 2. b3 d5 3. Bb2 dxe4 4. Nc3 Nf6 5. Qe2 Nc6 6. O-O-O Nd4 7. Qe1 Qd7 8. Nxe4 Be7 9. Nf3 Nxf3 10. gxf3 b6 11.
Rg1 Nh5 12. Qe3 Bb7 13. Rg5 Bxg5 14. Qxg5 Qd5 15. Qh4 f6 16. Bh3 O-O-O 17. c4 Qa5 18. Bxe6+ Kb8 19. Kb1 Bxe4+ 20. fxe4 Rxd2 21. Rxd2 Qxd2 22. Qxh5 Qe1+ 23. Kc2 Qxe4+ 24. Kc1 Qxe6 25. Qf3 Rd8 26. Bc3 f5 27. Kb2 g6 28. Qh3 h5 29. Qf3 Qe4 30.
Qg3 Qe2+ 31. Ka3 Qd3 32. Be5 Qxg3 33. hxg3 Rd2 0-1

[Event "Late-Titled-Tuesday-Blitz-October-24-2023"]
[Site "Chess.com"]
[Date "2023.10.24"]
[Round "7"]
[White "nitpicker"]
[Black "ikhasu"]
[Result "1-0"]
[WhiteElo "2271"]
[BlackElo "2361"]
[TimeControl "180+1"]
[EndTime "15:15:24 PDT"]
[Termination "nitpicker won on time"]

1. d4 d5 2. c4 e6 3. Nf3 Be7 4. g3 Nf6 5. Bg2 O-O 6. O-O c6 7.
Qc2 a5 8. Rd1 b6 9. Nbd2 Ba6 10.
Ne5 Nfd7 11. Nxd7 Nxd7 12. e4 Rc8 13. b3 e5 14. exd5 cxd5 15. Bxd5 exd4 16. Bb2 Nf6 17. Bg2 d3 18. Qb1 Bc5 19. Ne4 Nxe4 20. Bxe4 Re8 21.
Qxd3 Qxd3 22. Bxd3 Bb7 23. Bc3 h5 24. Re1 Red8 25. Bf5 Rc7 26. Rad1 Rf8 27. h4 g6 28. Bh3 Bc6 29. Be5 Re7 30. Bf6 Rxe1+ 31. Rxe1 Bb4 32. Rd1 Re8 33. Bd7 Bxd7 34. Rxd7 Bc5 35. Bd4 1-0

[Event "Late-Titled-Tuesday-Blitz-October-24-2023"]
[Site "Chess.com"]
[Date "2023.10.24"]
[Round "7"]
[White "NateSolon"]
[Black "HajiyevKanan"]
[Result "1-0"]
[WhiteElo "2658"]
[BlackElo "2501"]
[TimeControl "180+1"]
[EndTime "15:15:25 PDT"]
[Termination "NateSolon won by checkmate"]

1. d4 c6 2. Nf3 d5 3. Bf4 Nf6 4. e3 a6 5. c4 Bf5 6. Nc3 e6 7. Qb3 b5 8. c5 Be7 9. h3 O-O 10.
Be2 a5 11. O-O a4 12. Qd1 Qa5 13. a3 Nbd7 14. Nh4 Ne4 15. Nxf5 exf5 16. Na2 Rfe8 17. Nb4 Rac8 18. Bd3 g6 19. g4 fxg4 20. hxg4 Ndf6 21.
f3 g5 22. Bh2 Nxc5 23. dxc5 Bxc5 24. Nc2 Bxe3+ 25. Nxe3 Rxe3 26. Re1 Rce8 27. Rxe3 Rxe3 28. Kg2 Qd8 29. Qd2 Qe8 30. Bg1 Re5 31. Bd4 h6 32. Bxe5 Qxe5 33. Re1 Qd6 34. Qe3 Kg7 35. Qe5 Qc5 36.
Re2 Qc1 37. Qc3 Qf4 38. Qxc6 h5 39. gxh5 Nxh5 40. Qc3+ d4 41. Qc6 Qg3+ 42. Kf1 Nf4 43. Qe4 Qh4 44. Qxd4+ Kg8 45. Re8# 1-0

[Event "Late-Titled-Tuesday-Blitz-October-24-2023"]
[Site "Chess.com"]
[Date "2023.10.24"]
[Round "7"]
[White "Schwindle"]
[Black "GMJustin"]
[Result "1-0"]
[WhiteElo "2411"]
[BlackElo "2260"]
[TimeControl "180+1"]
[EndTime "15:15:25 PDT"]
[Termination "Schwindle won on time"]

1. e4 c5 2. Nf3 Nc6 3. d4 cxd4 4. Nxd4 Nf6 5. Nc3 h5 6. h3 d6 7. Bc4 e6 8. O-O Bd7 9. Ndb5 Qb8 10. Bf4 Ne5 11. Bb3 a6 12. Nd4 b5 13. a3 Qb7 14.
Re1 h4 15. Bxe5 dxe5 16. Nf3 Qc7 17. Qe2 Bc6 18. Rad1 Be7 19. Qe3 Bb7 20. Ng5 Nh5 21. Bxe6 Bxg5 22. Qxg5 fxe6 23. Qg6+ Kf8 24. Qxe6 Nf6 25.
Nd5 Bxd5 26. exd5 Re8 27. Qxa6 Qxc2 28. Qxb5 Kf7 29. Rc1 Qf5 30. d6 Rd8 31. Rc7+ Kg6 32. Qb7 Rxd6 33. Rxg7+ Kh6 34. Re7 Rd2 35. Rf1 Rg8 36.
Rf7 Qg6 37. Kh1 1-0

[Event "Late-Titled-Tuesday-Blitz-October-24-2023"]
[Site "Chess.com"]
[Date "2023.10.24"]
[Round "7"]
[White "twitchTriniCupid"]
[Black "dianamirza"]
[Result "1-0"]
[WhiteElo "2335"]
[BlackElo "2018"]
[TimeControl "180+1"]
[EndTime "15:15:27 PDT"]
[Termination "twitchTriniCupid won by resignation"]

1. Nf3 g6 2. d4 Bg7 3. h4 h5 4. c3 d6 5. Qb3 Nc6 6. Ng5 e6 7. e4 Nf6 8. Nd2 O-O 9. Ndf3 e5 10. dxe5 Nxe5 11. Nxe5 dxe5 12. Be3 Ng4 13. Bc5 Qf6 14.
f3 Nh6 15. Bxf8 Bxf8 16. Bc4 c6 17. a4 Rb8 18. g3 b5 19. axb5 cxb5 20. Bd5 a6 21. O-O Bc5+ 22. Kg2 Bb7 23. Rad1 Bxd5 24. Rxd5 Be3 25. Nh3 g5 26. hxg5 Bxg5 27. Rfd1 Be3 28.
Rd6 Qg7 29. Rd8+ Rxd8 30. Rxd8+ Kh7 31. Qd5 h4 32. g4 Nxg4 33. Kf1 Nh2+ 34. Ke2 Qg2+ 35.
Kxe3 Qxf3+ 36. Kd2 Nf1+ 37. Kc2 Ne3+ 38. Kb3 Nxd5 39.
Ng5+ Kg6 40. Nxf3 h3 41. Rxd5 1-0

[Event "Late-Titled-Tuesday-Blitz-October-24-2023"]
[Site "Chess.com"]
[Date "2023.10.24"]
[Round "7"]
[White "Makswolf200817"]
[Black "sergiochess83"]
[Result "0-1"]
[WhiteElo "2619"]
[BlackElo "2873"]
[TimeControl "180+1"]
[EndTime "15:15:29 PDT"]
[Termination "sergiochess83 won by resignation"]

1. Nf3 d5 2. e3 c5 3. c4 d4 4. exd4 cxd4 5. d3 Nc6 6. g3 e5 7. Bg2 f6 8. O-O Nge7 9. a3 a5 10. Nbd2 Ng6 11. Rb1 Be7 12. h4 O-O 13. h5 Nh8 14. Nh4 Be6 15. Re1 Nf7 16. Qe2 Qd7 17. b3 Rae8 18. Nf1 f5 19. Nf3 Bf6 20. b4 axb4 21.
axb4 e4 22. N3d2 Ng5 23. dxe4 d3 24. Qd1 fxe4 25. Nxe4 Bg4 26. Nxf6+ gxf6 27. Qd2 Nd4 28. Kh1 Bf3 29. Nh2 Qh3 30. Rg1 Bxg2+ 31. Rxg2 Ngf3 32.
Qd1 Re1+ 33. Qxe1 Nxe1 34. Rg1 Ndf3 0-1

[Event "Late-Titled-Tuesday-Blitz-October-24-2023"]
[Site "Chess.com"]
[Date "2023.10.24"]
[Round "7"]
[White "eljanov"]
[Black "Zhigalko_Sergei"]
[Result "1-0"]
[WhiteElo "2822"]
[BlackElo "2949"]
[TimeControl "180+1"]
[EndTime "15:15:31 PDT"]
[Termination "eljanov won by checkmate"]

1. d4 Nf6 2. Bf4 d5 3. e3 c5 4.
Nf3 Nc6 5. Nbd2 cxd4 6. exd4 Bg4 7. c3 e6 8. Bb5 Bd6 9. Bxd6 Qxd6 10. O-O O-O 11. Re1 a6 12. Bd3 Rfc8 13. Qe2 Bh5 14. Qe3 Bg6 15. Bxg6 hxg6 16. Ne5 b5 17. a3 a5 18. b4 axb4 19. axb4 Qc7 20. Nd3 Ne7 21. Nc5 Nf5 22. Qd3 Nd6 23. g3 Nc4 24. Kg2 Qd8 25.
h4 Rxa1 26. Rxa1 Ra8 27. Rxa8 Qxa8 28. Qc2 Ng4 29. Nxc4 bxc4 30. b5 Qb8 31. Qb2 Qb6 32. Na4 Qb8 33. b6 e5 34. b7 exd4 35. cxd4 Nf6 36.
Qb5 c3 37. Nxc3 Kh7 38. Qc6 Qd8 39. Qc8 Qa5 40. b8=Q g5 41. h5 g4 42. Qh8# 1-0

[Event "Late-Titled-Tuesday-Blitz-October-24-2023"]
[Site "Chess.com"]
[Date "2023.10.24"]
[Round "7"]
[White "jimis98"]
[Black "Emeraldddd"]
[Result "1-0"]
[WhiteElo "2754"]
[BlackElo "2601"]
[TimeControl "180+1"]
[EndTime "15:15:31 PDT"]
[Termination "jimis98 won by resignation"]

1. d4 Nf6 2. Nf3 g6 3. g3 Bg7 4. Bg2 O-O 5. O-O d6 6. c4 Nc6 7. Nc3 Bf5 8. Ne1 a6 9. e4 Bd7 10. d5 Na5 11. Qe2 c5 12. f4 e6 13. e5 Ne8 14. Be3 Qc7 15. Ne4 exd5 16. cxd5 Bb5 17. Nd3 c4 18. Ndf2 c3 19. Nd3 Qc4 20. Rfd1 c2 21.
Rd2 c1=Q+ 22. Rxc1 Qxc1+ 23. Nxc1 Bxe2 24. Rxe2 dxe5 25. fxe5 Bxe5 26. Bc5 Bg7 27. b3 Rc8 28. Nd3 b5 29. d6 Rd8 30. Bb6 Rxd6 31. Nxd6 Nxd6 32. Bxa5 Bd4+ 33. Kf1 Rc8 34. Bb4 Nf5 35. Bd2 Rc2 36.
Bf4 Kg7 37. Rxc2 1-0

[Event "Late-Titled-Tuesday-Blitz-October-24-2023"]
[Site "Chess.com"]
[Date "2023.10.24"]
[Round "7"]
[White "WindWhistler11"]
[Black "meoluoi91"]
[Result "0-1"]
[WhiteElo "2429"]
[BlackElo "2600"]
[TimeControl "180+1"]
[EndTime "15:15:34 PDT"]
[Termination "meoluoi91 won by resignation"]

1. Nf3 Nf6 2. g3 g6 3. Bg2 Bg7 4. O-O O-O 5. c4 c6 6. b3 Ne4 7. d4 d5 8. Bb2 Be6 9. Qc2 Bf5 10. Qd1 Na6 11. Nh4 Be6 12. c5 Nexc5 13. Nd2 Nd7 14. Nhf3 h6 15. a3 Nc7 16. b4 a5 17. Nb3 axb4 18. axb4 Nb5 19. Na5 Qb6 20. e3 Nd6 21. Bc3 Ne4 22. Be1 Rfb8 23. Nd2 Nxd2 24. Bxd2 Nf6 25. Qc1 Bf5 26. Qc5 Qd8 27. Qc3 Ne4 28. Bxe4 Bxe4 29. f3 Bf5 30. Rfe1 Bd7 31. e4 dxe4 32. fxe4 Be6 33. Be3 Qd7 34. Rad1 Rd8 35. b5 cxb5 36. Qb4 b6 37. Nb3 Ra4 38. Qc3 Rc8 39. Qb2 Rb4 40. Rd3 Bc4 41. Rc3 Qe6 42. d5 Qxe4 43. Bd2 Qxd5 44. Qc2 Rd8 0-1

[Event "Late-Titled-Tuesday-Blitz-October-24-2023"]
[Site "Chess.com"]
[Date "2023.10.24"]
[Round "7"]
[White "Willi_Skibbe"]
[Black "Inepton_Fermion"]
[Result "0-1"]
[WhiteElo "2212"]
[BlackElo "2361"]
[TimeControl "180+1"]
[EndTime "15:15:35 PDT"]
[Termination "Inepton_Fermion won by resignation"]

1. d4 Nf6 2. c4 e6 3. Nf3 b6 4. g3 Bb7 5. Bg2 Bb4+ 6. Bd2 a5 7. O-O O-O 8. Nc3 d6 9. Qc2 Nbd7 10. a3 Bxc3 11.
Bxc3 Be4 12. Qd2 a4 13. Qe3 d5 14. cxd5 exd5 15. Bb4 Re8 16. Qc3 c5 17. dxc5 bxc5 18. Bxc5 Rc8 19. b4 axb3 20. Rfc1 Nxc5 21. a4 Qb6 22. a5 Qb7 23. Bh3 b2 24. Bxc8 bxc1=Q+ 25. Rxc1 Rxc8 26. a6 Qxa6 27. Nd4 Nfd7 28. f3 Bg6 29.
Qe3 Ne6 30. Rxc8+ Qxc8 31. Nxe6 fxe6 32. Qxe6+ Bf7 33. Qd6 Qc5+ 34. Qxc5 Nxc5 35. Kf2 Kf8 36. Ke3 Ke7 37. Kd4 Kd6 38. e4 dxe4 39. fxe4 Ne6+ 40.
Ke3 Ke5 41. h4 Bg6 42. g4 Bxe4 43. g5 g6 44. Kf2 Nf4 45. Kg3 Nh5+ 46. Kg4 Bf5+ 47.
Kf3 Kd4 48. Kf2 Ke4 49. Kg2 Kf4 50. Kh2 Kg4 51. Kg2 Kxh4 52. Kh2 Kxg5 53. Kg1 Nf4 54.
Kf2 h5 55. Kg3 h4+ 56. Kf3 Ne6 57. Kg2 Kh5 58. Kf3 g5 59. Kg2 g4 60. Kf2 Be4 61. Kg1 g3 62. Kf1 h3 63. Kg1 h2+ 64. Kf1 h1=Q+ 65. Ke2 Qf3+ 66. Kd2 Qd3+ 67. Ke1 Qc2 68. Kf1 Kg6 69. Ke1 Kf7 70. Kf1 Ke8 71. Ke1 Kd7 72. Kf1 Kc6 0-1

[Event "Late-Titled-Tuesday-Blitz-October-24-2023"]
[Site "Chess.com"]
[Date "2023.10.24"]
[Round "7"]
[White "GMKrikor"]
[Black "Grischuk"]
[Result "0-1"]
[WhiteElo "2822"]
[BlackElo "2992"]
[TimeControl "180+1"]
[EndTime "15:15:38 PDT"]
[Termination "Grischuk won on time"]

1. Nf3 d5 2. c4 e6 3. d4 Nf6 4. cxd5 exd5 5. Nc3 c6 6. Bf4 Bf5 7. e3 Bd6 8. Bxd6 Qxd6 9. Nh4 Be4 10. f3 Bg6 11. e4 dxe4 12. Nxg6 hxg6 13. fxe4 Nbd7 14.
Qd2 O-O-O 15. O-O-O Qe6 16. d5 cxd5 17. exd5 Qb6 18.
Kb1 Kb8 19. Qf4+ Ka8 20. d6 Rc8 21. Bc4 Qb4 22. Rd4 g5 23. Qf1 Ne5 24. a3 Qb6 25.
d7 Qxd4 26. dxc8=Q+ Rxc8 27. Bb3 Ne4 28. Nxe4 Qxe4+ 29.
Ka2 f6 30. Qf2 Rd8 31. Re1 Qf4 32. Qe2 a6 33. Rd1 Rxd1 34. Qxd1 Qe3 35. g3 Ka7 36.
Qd6 Nd3 37. Bd5 Qf2 0-1

[Event "Late-Titled-Tuesday-Blitz-October-24-2023"]
[Site "Chess.com"]
[Date "2023.10.24"]
[Round "7"]
[White "Deeper44"]
[Black "BardArtem"]
[Result "0-1"]
[WhiteElo "2548"]
[BlackElo "2710"]
[TimeControl "180+1"]
[EndTime "15:15:40 PDT"]
[Termination "BardArtem won by resignation"]

1. d4 d5 2. c4 c6 3. Nf3 Nf6 4. g3 Bf5 5. Bg2 e6 6. Qb3 Qb6 7. c5 Qxb3 8. axb3 a6 9. Nc3 Nbd7 10. b4 Rc8 11. h3 h6 12. g4 Bh7 13. Bf4 Be7 14. O-O Bd8 15. e3 g5 16. Bh2 Bc7 17.
Ne5 Nxe5 18. dxe5 Ne4 19. Nxe4 dxe4 20. Rad1 Rd8 21. Rd6 Bxd6 22. cxd6 Kd7 23. Rc1 Rhf8 24. Rc4 f5 25. exf6 Bf5 26. gxf5 exf5 27. f3 exf3 28. Bxf3 Rxf6 29. e4 Re8 30. e5 Rfe6 31. Bh5 Rxe5 32.
Bxe8+ Rxe8 33. Rc5 f4 34. h4 Re1+ 35. Kf2 Rb1 36.
hxg5 Rxb2+ 37. Kg1 hxg5 38. Rxg5 Rxb4 39. Rg6 a5 40.
Kg2 a4 41. Bg1 a3 42. Rg7+ Kxd6 43. Rg6+ Kd5 44. Rg5+ Kc4 45. Ra5 Kb3 46. Bc5 Ra4 47.
Rxa4 Kxa4 48. Kf3 a2 49. Bd4 Kb3 50. Kxf4 Kc2 51. Ke3 Kb1 52. Kd3 a1=Q 53. Bxa1 Kxa1 54. Kc4 Kb2 55. Kc5 Kc3 0-1

[Event "Late-Titled-Tuesday-Blitz-October-24-2023"]
[Site "Chess.com"]
[Date "2023.10.24"]
[Round "7"]
[White "KATPAH"]
[Black "ChuckPhil"]
[Result "1-0"]
[WhiteElo "2647"]
[BlackElo "2537"]
[TimeControl "180+1"]
[EndTime "15:15:40 PDT"]
[Termination "KATPAH won by resignation"]

1. e4 c6 2. d4 d5 3. exd5 cxd5 4.
c4 Nf6 5. Nc3 g6 6. Nf3 Bg7 7.
cxd5 Nxd5 8. Bb5+ Nc6 9. O-O O-O 10. Bxc6 bxc6 11. Ne4 Bg4 12. Be3 Rb8 13. b3 f5 14.
Nc5 f4 15. Bc1 e5 16. dxe5 Bxe5 17. Rb1 Bg7 18. Bb2 Bxb2 19. Rxb2 Nc3 20. Qc2 Bxf3 21. Qxc3 Bd5 22. f3 Re8 23. Rd2 Qe7 24. Kh1 Rb5 25. Nd3 Qe3 26. Qc2 Rb7 27. h3 Rbe7 28. Rdd1 g5 29. Rfe1 Qb6 30. Rxe7 Rxe7 31. Nf2 Qe3 32. Ng4 Qe6 33. Qc3 Rf7 34. Re1 Qd6 35. Re8+ Rf8 36. Re7 Rf7 37. Re8+ Rf8 38. Re5 Qg6 39. Re7 h5 40. Ne5 Qf6 41. Qc5 Be6 42. Nxc6 Rc8 43.
Qd6 Qf8 44. Qxe6+ Kh8 45. Qe5+ Kg8 46. Qxg5+ 1-0

[Event "Late-Titled-Tuesday-Blitz-October-24-2023"]
[Site "Chess.com"]
[Date "2023.10.24"]
[Round "7"]
[White "Gyulamiryan-koryun"]
[Black "kinghunter183"]
[Result "0-1"]
[WhiteElo "1929"]
[BlackElo "2091"]
[TimeControl "180+1"]
[EndTime "15:15:40 PDT"]
[Termination "kinghunter183 won by checkmate"]

1. e4 d5 2. exd5 Qxd5 3. Nc3 Qd8 4. d4 Nf6 5. Nf3 Bg4 6. h3 Bh5 7. g4 Bg6 8. Ne5 e6 9. Nxg6 hxg6 10. Bg5 c6 11. Qd3 Be7 12. O-O-O Nbd7 13. Bg2 Nb6 14.
Rhe1 Nbd5 15. Ne4 Nxe4 16. Bxe7 Nxf2 17. Bxd8 Nxd3+ 18. Rxd3 Rxd8 19. c4 Nf4 20. Rd2 Nxg2 21. Rxg2 Rxd4 22. b3 Rxh3 23. Kc2 Rdd3 24. g5 Rdg3 25.
Reg1 Rh2 26. Rxh2 Rxg1 27. Rh8+ Kd7 28. Rb8 Kc7 29. Rf8 Rg2+ 30. Kc3 Rxg5 31. Rxf7+ Kb6 32. b4 a6 33. a4 Rg3+ 34. Kd4 Rb3 35. a5+ Ka7 36.
Kc5 g5 37. Rxg7 Rg3 38. Re7 Re3 39. Rg7 Re5+ 40. Kd4 Rf5 41. Ke4 Rf4+ 42. Kd3 g4 43.
Re7 g3 44. Rxe6 Rg4 45. Re1 g2 46. Rg1 Rg3+ 47. Ke2 Rg4 48. Kd3 Kb8 49. Kc3 Kc7 50. Kd3 Kd6 51. Kc3 Ke5 52. Rd1 g1=Q 53. Rxg1 Rxg1 54.
b5 Rg3+ 55. Kb4 cxb5 56. cxb5 Kd4 57. bxa6 bxa6 58. Ka4 Rg5 59. Kb4 Rb5+ 60. Ka4 Kc3 61. Ka3 Rxa5# 0-1

[Event "Late-Titled-Tuesday-Blitz-October-24-2023"]
[Site "Chess.com"]
[Date "2023.10.24"]
[Round "7"]
[White "jaskol95"]
[Black "Eternauta2400"]
[Result "0-1"]
[WhiteElo "2551"]
[BlackElo "2730"]
[TimeControl "180+1"]
[EndTime "15:15:41 PDT"]
[Termination "Eternauta2400 won by resignation"]

1. e4 c6 2. d4 d5 3. e5 Bf5 4. Nf3 e6 5. Nbd2 c5 6. c3 Nc6 7. Nb3 cxd4 8. Nbxd4 Bg6 9. Bd3 Bc5 10. Bxg6 hxg6 11. Bf4 a6 12. Qd2 Nge7 13. h3 Qd7 14. b4 Bxd4 15. Nxd4 Nxd4 16. cxd4 Rc8 17. O-O O-O 18. Rac1 Rc4 19. Be3 Rfc8 20. Qb2 Qa4 21. Rxc4 dxc4 22. Bd2 Nd5 23. Rc1 Qc6 24. Bc3 Nf4 25. f3 Nd3 26. Qd2 Nxc1 27. Qxc1 Qd5 28. Qd2 b5 29. a3 f6 30. f4 Kf7 31. Qe3 Rh8 32. Kf2 f5 33. Kg3 Ke7 34. Kf2 Kd7 35.
Qg3 Rh6 36. Qg5 Qe4 37. Kg1 Qe3+ 38. Kh2 Qxc3 39. d5 exd5 40. e6+ Kxe6 41. Qd8 Qf6 42. Qc8+ Kf7 43. Qd7+ Kg8 44. Qxd5+ Kh7 45. Qa8 Qd6 46. Kg3 g5 47. Kh2 Qxf4+ 48. Kh1 Rd6 0-1

[Event "Late-Titled-Tuesday-Blitz-October-24-2023"]
[Site "Chess.com"]
[Date "2023.10.24"]
[Round "7"]
[White "Ykow"]
[Black "jk13"]
[Result "1-0"]
[WhiteElo "2552"]
[BlackElo "2677"]
[TimeControl "180+1"]
[EndTime "15:15:44 PDT"]
[Termination "Ykow won by checkmate"]

1. e4 e5 2. Nf3 Nc6 3. Bc4 Bc5 4. d3 Nf6 5. h3 O-O 6. a3 d5 7. exd5 Nxd5 8. O-O Nb6 9. Ba2 h6 10. Nbd2 Re8 11. Re1 Be6 12. Bxe6 Rxe6 13. b4 Bf8 14. Bb2 f6 15. b5 Ne7 16. a4 a6 17. d4 axb5 18.
axb5 Na4 19. Qb1 Nxb2 20. Qxb2 Rxa1 21. Qxa1 Ng6 22. Qa2 Qd7 23. dxe5 Kh8 24. Qc4 fxe5 25. Nb3 Bd6 26. Nc5 Bxc5 27. Qxc5 e4 28. Qf5 Qe8 29.
c4 Re7 30. Nd2 e3 31. fxe3 Rxe3 32. Rxe3 Qxe3+ 33. Qf2 Qe5 34. Nf3 Qe4 35. Qd4 Qe7 36. c5 Qf7 37. b6 cxb6 38. cxb6 Nf4 39. Qd8+ Kh7 40. Qc7 Qf6 41. Qxb7 Qf5 42. Qc6 Qd3 43. b7 Qe2 44. Ng5+ hxg5 45. b8=Q Qe1+ 46. Kh2 Ne2 47. Qe4+ g6 48. Qe7+ Kh6 49. Qh8# 1-0

[Event "Late-Titled-Tuesday-Blitz-October-24-2023"]
[Site "Chess.com"]
[Date "2023.10.24"]
[Round "7"]
[White "Tunahan_Makaraci"]
[Black "IgorBjelobrk"]
[Result "0-1"]
[WhiteElo "2426"]
[BlackElo "2595"]
[TimeControl "180+1"]
[EndTime "15:15:45 PDT"]
[Termination "IgorBjelobrk won on time"]

1. e4 e6 2. d4 d5 3. Nc3 Bb4 4. Ne2 dxe4 5. a3 Bxc3+ 6. Nxc3 Nc6 7. d5 exd5 8. Qxd5 Be6 9. Qxe4 Nf6 10. Qa4 O-O 11. Be3 Ng4 12. Rd1 Qe7 13. Qf4 Rfe8 14. Be2 Nxe3 15. Qxe3 Qh4 16. Qg3 Qxg3 17. fxg3 Rad8 18.
Kf2 Nd4 19. Rd2 c5 20. Rhd1 a6 21. b4 b6 22. bxc5 bxc5 23. Na4 Rd5 24. c3 Rf5+ 25. Bf3 Nb3 26. Rd6 a5 27. Rc6 h5 28.
Rcd6 g5 29. Kg1 g4 30. Be4 Re5 31. Bc2 Rb8 32. Rb1 c4 33. Nb6 Re2 34. Bd1 Ra2 35.
Nd7 Bxd7 36. Rxd7 Rxa3 37. Be2 Rc8 38. Rb7 a4 39. h3 Ra2 40. Bf1 Rc2 41. Rb4 Rxc3 42.
Rxa4 Rxg3 43. Kh2 Rc3 44. hxg4 hxg4 45. Bxc4 Nd2 0-1

[Event "Late-Titled-Tuesday-Blitz-October-24-2023"]
[Site "Chess.com"]
[Date "2023.10.24"]
[Round "7"]
[White "Alexei_Gubajdullin"]
[Black "ContrVersia"]
[Result "1-0"]
[WhiteElo "2729"]
[BlackElo "2863"]
[TimeControl "180+1"]
[EndTime "15:15:47 PDT"]
[Termination "Alexei_Gubajdullin won by resignation"]

1. d4 Nf6 2. Nf3 c5 3. c3 e6 4. Bf4 Nc6 5. e3 d5 6. Nbd2 Qb6 7. Rb1 Nh5 8. Be5 Nxe5 9. Nxe5 Nf6 10. Bd3 Be7 11. f4 O-O 12. O-O g6 13. Rf3 cxd4 14.
exd4 Bd7 15. Rh3 Kg7 16. Qe1 Rh8 17. Ndf3 Bb5 18. Bxb5 Qxb5 19. Nxf7 Kxf7 20. Ng5+ Ke8 21. Qxe6 Qd7 22. Qf7+ Kd8 23. Re1 Nh5 24. Ne6+ Kc8 25. f5 Bd6 26. fxg6 Qxf7 27. gxf7 Nf6 28. Rf3 Nd7 29.
Rf5 a5 30. Rg5 b6 31. Rg8+ Kb7 32. Nc5+ bxc5 33. Ree8 Bf8 34. Rxh8 cxd4 35. cxd4 a4 36. a3 Rc8 37. Rxc8 Kxc8 38. Rxh7 Kd8 39. Rh5 Nf6 40.
Rf5 Ke7 41. g4 Nxg4 42. Rxd5 Bg7 43. h3 Ne3 44. Ra5 Bxd4 45. Rxa4 Bxb2 46. Re4+ Kxf7 47.
Rxe3 1-0

[Event "Late-Titled-Tuesday-Blitz-October-24-2023"]
[Site "Chess.com"]
[Date "2023.10.24"]
[Round "7"]
[White "kleinebeer98"]
[Black "KNVB"]
[Result "0-1"]
[WhiteElo "2856"]
[BlackElo "2687"]
[TimeControl "180+1"]
[EndTime "15:15:50 PDT"]
[Termination "KNVB won by resignation"]

1. e4 e5 2. Nf3 Nc6 3. d4 exd4 4. Bc4 Nf6 5. e5 d5 6. Bb5 Ne4 7. Nxd4 Bc5 8. Be3 O-O 9. Nxc6 bxc6 10. Bxc5 Nxc5 11. Bxc6 Rb8 12. Qxd5 Qe7 13. O-O Rxb2 14. Nc3 Rxc2 15. Qd4 Ne6 16. Qd3 Rb2 17. Nd5 Qc5 18.
Rac1 Qd4 19. Qg3 Re2 20. Rfe1 Rxe1+ 21. Rxe1 Qc5 22. Qh4 Kh8 23. Qa4 Nd4 24. Nxc7 Nxc6 25. Nb5 Qb4 26. Qxb4 Nxb4 27. Nxa7 Be6 28. Nb5 Nxa2 29.
Nd6 Nb4 30. f4 g6 31. h3 h5 32. Kh2 Nd5 33. Kg3 Kg7 34. Kf3 Ne7 35. g4 hxg4+ 36. hxg4 Nc8 37. Nb5 Rd8 38. Re3 Bd5+ 39. Kg3 Be6 40. Nc3 Ne7 41. Ne4 Rb8 42. Nf6 Rb3 43. Rxb3 Bxb3 44. Kf3 Bd5+ 45. Ke3 Be6 46. Ke4 Kf8 47. Ke3 Ng8 48. Nh7+ Kg7 49. Ng5 Bxg4 50. Ke4 Bf5+ 51. Kf3 Ne7 52. Ke3 Nd5+ 53. Kf3 Nc7 54.
Ke3 Ne6 55. Nf3 Bg4 56. Nd2 Kf8 57. Ne4 Bf5 58. Nd6 Ke7 59. Nc8+ Kf8 60. Nd6 Bb1 61.
Kf3 Ng7 62. Nb7 Ba2 63. Nc5 Bd5+ 64. Kg4 Ke7 65. Na6 Nf5 66. Nb4 Be4 67. Na2 Nd4 68. Nc3 Bc6 69. Kg5 Ne6+ 70. Kg4 Bd7 71. Nd5+ Kf8 72.
Nf6 Bc8 73. f5 Ng7 74. e6 gxf5+ 75. Kg5 fxe6 76. Kg6 f4 77. Kg5 f3 78. Ng4 Bb7 79. Kf4 Bd5 80. Ne3 Ke7 81. Ke5 f2 82. Kf4 Bc4 0-1

[Event "Late-Titled-Tuesday-Blitz-October-24-2023"]
[Site "Chess.com"]
[Date "2023.10.24"]
[Round "7"]
[White "santosalberto1987"]
[Black "FM_Kappeler"]
[Result "1-0"]
[WhiteElo "2425"]
[BlackElo "2282"]
[TimeControl "180+1"]
[EndTime "15:15:50 PDT"]
[Termination "santosalberto1987 won by resignation"]

1. e4 c5 2. Nf3 e6 3. g3 d5 4.
exd5 exd5 5. d4 Nc6 6. Bg2 Nf6 7. O-O Be7 8. dxc5 Bxc5 9. Re1+ Be6 10. Nbd2 O-O 11.
Nb3 Bb6 12. Nbd4 Bg4 13. c3 Qd7 14. Qd3 Rfe8 15. Bf4 Ne4 16. Nd2 Nxd4 17. cxd4 Bf5 18. Nxe4 dxe4 19. Bxe4 Bxe4 20. Rxe4 Rxe4 21. Qxe4 Re8 22.
Qf3 Qxd4 23. Rb1 h6 24. Be3 Qd3 25. Re1 Bxe3 26. fxe3 Qd2 27. Qf2 Rd8 28. Re2 Qc1+ 29. Re1 Qc4 30. a3 Qe4 31. Rf1 Rd7 32. Qf4 Qc2 33. Rf2 Rd1+ 34. Kg2 Rd2 35. Qxf7+ Kh8 36. Rxd2 Qxd2+ 37. Qf2 Qd5+ 38. Kf1 Qd1+ 39. Qe1 Qf3+ 40.
Kg1 Qe4 41. Qd2 Kh7 42. Kf2 Qf5+ 43. Ke2 Qh5+ 44. Kd3 Qd5+ 45. Kc2 Qc6+ 46. Kb1 Qh1+ 47. Ka2 Qe4 48. Qd4 Qg2 49. e4 Qxh2 50. e5 Qxg3 51.
e6 Qc7 52. Qe4+ Kg8 53. e7 1-0

[Event "Late-Titled-Tuesday-Blitz-October-24-2023"]
[Site "Chess.com"]
[Date "2023.10.24"]
[Round "7"]
[White "chesspreceptor"]
[Black "Byniolus"]
[Result "1-0"]
[WhiteElo "2636"]
[BlackElo "2791"]
[TimeControl "180+1"]
[EndTime "15:15:53 PDT"]
[Termination "chesspreceptor won on time"]

1. d4 d6 2. Nc3 Nf6 3. e4 c6 4. Be3 Qb6 5. a3 Ng4 6. Bc1 e5 7. Nf3 Nd7 8. h3 Ngf6 9. Be3 Qc7 10. g4 b5 11. Bg2 Bb7 12. g5 Ng8 13. d5 Ne7 14.
dxc6 Bxc6 15. Qe2 a6 16. O-O h6 17. gxh6 g6 18. h7 Nf6 19. Ng5 Nxh7 20. Nxh7 Rxh7 21. f4 Bh6 22. fxe5 dxe5 23. Nd5 Bxe3+ 24. Qxe3 Bxd5 25. exd5 Qd6 26. Rae1 f6 27. Qf3 Kf7 28. Qg4 Rc8 29.
Re2 Rc4 30. Qg3 Nf5 31. Qe1 Qc5+ 32. Kh2 Rxc2 33. b4 Qc3 34. Rxc2 Qxc2 35. Rf2 Qc4 36. Rd2 Qf4+ 37. Kg1 Nd6 38. Rf2 Qd4 39. Kh1 f5 40. Rc2 Kf6 41. Rc6 Rd7 42. Qc1 e4 43. Qh6 e3 44. Qh8+ 1-0

[Event "Late-Titled-Tuesday-Blitz-October-24-2023"]
[Site "Chess.com"]
[Date "2023.10.24"]
[Round "7"]
[White "Nf3c5"]
[Black "Witik"]
[Result "0-1"]
[WhiteElo "2633"]
[BlackElo "2810"]
[TimeControl "180+1"]
[EndTime "15:15:55 PDT"]
[Termination "Witik won by resignation"]

1. d4 Nf6 2. Nf3 g6 3. Bg5 Bg7 4. Nbd2 d5 5. e3 O-O 6. Be2 Nbd7 7.
O-O c5 8. c3 Re8 9. b4 c4 10.
h3 a5 11. a3 Nb6 12. Ne5 Nfd7 13. Nxd7 Bxd7 14. e4 h6 15. Bh4 Bc6 16. Bf3 axb4 17. axb4 Rxa1 18. Qxa1 g5 19. Bg3 dxe4 20. Bxe4 Bxe4 21.
Nxe4 f5 22. Nc5 f4 23. Bh2 e5 24. dxe5 Rxe5 25. Qa7 Nd5 26. Qxb7 Nxc3 27. Ra1 Re7 28. Qa6 Ne2+ 29. Kf1 Bxa1 30. Qxa1 c3 31. g3 f3 32. g4 Qd2 33. Qa8+ Kg7 34. Qxf3 c2 35. Ne4 c1=Q+ 36. Kg2 Rxe4 37. Qxe4 Nf4+ 38. Bxf4 Qxf4 39. Qe7+ Qf7 40. Qe5+ Kf8 41. Qb8+ Ke7 42. Qb7+ Ke6 43. Qc8+ Qxc8 0-1